 Dungeon Crawl Stone Soup version 0.28-a0-1038-g9c4cb8273d (webtiles) character file.

Game seed: 2875362298140554381

5240 siradein the Fighter (level 10, -6/90 HPs)
             Began as a Green Draconian Fighter on Dec 8, 2021.
             Was a Believer of Yredelemnul.
             Mangled by a two-headed ogre (16 damage)
             ... on level 9 of the Dungeon.
             The game lasted 00:19:25 (8811 turns).

siradein the Fighter (Green Draconian Fighter)      Turns: 8811, Time: 00:19:26

Health: -6/90      AC: 12    Str: 20    XL:     10   Next: 35%
Magic:  13/13      EV: 15    Int:  9    God:    Yredelemnul [**....]
Gold:   315        SH:  6    Dex: 13    Spells: 9/9 levels left

rFire   . . .      SeeInvis .   e - +0 whip (elec)
rCold   . . .      Faith    .   b - +0 buckler
rNeg    . . .      Spirit   .   (armour unavailable)
rPois   +          Reflect  .   (helmet restricted)
rElec   .          Harm     .   x - +0 cloak
rCorr   .          Rampage  .   (no gloves)
Will    .....                   (no boots)
Stlth   +.........              G - amulet of the acrobat
HPRegen 0.25/turn               u - +4 ring of slaying
MPRegen 0.13/turn               t - +4 ring of protection

@: short of breath, studying Translocations
A: breathe noxious fumes, AC +7, unfitting armour, poison resistance,
cold-blooded
a: Breathe Noxious Fumes, Renounce Religion, Animate Remains, Recall Undead
Slaves, Injury Mirror


You were on level 9 of the Dungeon.
You worshipped Yredelemnul.
Yredelemnul was pleased with you.
You visited 2 branches of the dungeon, and saw 10 of its levels.

You collected 471 gold pieces.
You spent 156 gold pieces at shops.

Inventory:

Hand Weapons
 e - a +0 whip of electrocution (weapon)
 F - the +4 hand axe of the Pyrrhic Victory {freeze, Int+3}
   (You found it on level 8 of the Dungeon)

   It freezes those it strikes, dealing additional cold damage.
   It can also slow down cold-blooded creatures.
   Int:       It affects your intelligence (+3).
Missiles
 r - 23 poisoned darts
 w - 2 throwing nets
Armour
 b - a +0 buckler (worn)
 x - a +0 cloak (worn)
Jewellery
 k - a ring of see invisible
 o - a ring of protection from fire
 t - a +4 ring of protection (right hand)
 u - a +4 ring of slaying (left hand)
 G - an amulet of the acrobat (around neck)
Wands
 y - a wand of flame (43)
 D - a wand of paralysis (4)
Scrolls
 f - a scroll of amnesia
 h - 7 scrolls of teleportation
 i - a scroll of enchant weapon
 m - a scroll of brand weapon {unknown}
 n - 2 scrolls of holy word {unknown}
 z - a scroll of enchant armour {unknown}
 A - a scroll of summoning {unknown}
 B - 4 scrolls of blinking {unknown}
 C - a scroll of silence {unknown}
 H - a scroll of identify
Potions
 a - a potion of magic
 c - 5 potions of might
 d - 8 potions of curing
 g - a potion of lignification
 j - 2 potions of flight
 l - 2 potions of resistance
 p - 2 potions of berserk rage
 q - 5 potions of heal wounds
 s - a potion of brilliance {unknown}
 v - 2 potions of mutation
 E - a potion of degeneration {unknown}
 I - a potion of attraction {unknown}


   Skills:
 + Level 8.8 Fighting
 + Level 7.7 Maces & Flails
 + Level 7.3 Dodging
 + Level 8.0 Shields
 + Level 4.6 Invocations


You had 9 spell levels left.
You didn't know any spells.
Your spell library contained the following spells:

 Spells                   Type           Power      Damage    Failure   Level
 Sandblast                Erth           0%         2d4       38%         1
 Shock                    Conj/Air       0%         1d3       38%         1
 Blink                    Tloc           0%         N/A       52%         2
 Passwall                 Tmut/Erth      0%         N/A       52%         2
 Conjure Flame            Conj/Fire      0%         6-21      77%         3
 Ignite Poison            Fire/Tmut/Pois 0%         N/A       77%         3
 Stone Arrow              Conj/Erth      0%         3d7       77%         3
 Swiftness                Air            0%         N/A       77%         3
 Airstrike                Air            0%         N/A       99%         4
 Sticky Flame             Conj/Fire      0%         2d3       99%         4
 Manifold Assault         Tloc           0%         N/A       100%        5
 Storm Form               Tmut/Air       0%         N/A       100%        7


Dungeon Overview and Level Annotations

Branches:
Dungeon (9/15)             Temple (1/1) D:6
   Lair: D:8-11         Orc: D:9-12

Altars:
Ashenzari
Cheibriados
Dithmenos
Elyvilon
Fedhas
Gozag
Hepliaklqana
Kikubaaqudgha
Makhleb
Nemelex Xobeh
Okawaru
Qazlal
Ru
Trog
Vehumet
Wu Jian
Xom
Yredelemnul
Zin
The Shining One

Shops:
D:8 !


Innate Abilities, Weirdness & Mutations

You can breathe blasts of noxious fumes.
Your lurid green scales are hard. (AC +7)
You cannot fit into any form of body armour.
Your system is resistant to poisons. (rPois)
You are cold-blooded and may be slowed by cold attacks.


Message History

The two-headed ogre closely misses you.
The two-headed ogre hits you with a +0 giant club.
You hit the two-headed ogre.
Your tail-slap misses the two-headed ogre.
The two-headed ogre is severely wounded.
Your scorpion zombie hits the two-headed ogre.
The two-headed ogre hits your scorpion zombie with a +0 dire flail!
Your scorpion zombie is destroyed!
The two-headed ogre shouts in stereo!
You hit the two-headed ogre.
The two-headed ogre is severely wounded.
You barely miss the two-headed ogre.
The two-headed ogre is severely wounded.
The two-headed ogre hits you with a +0 dire flail!!
The two-headed ogre hits you with a +0 giant club!
Things that are here:
+0 steam dragon scales; a steam dragon corpse You have got your breath back.
Aiming: Breathe Noxious Fumes (3% risk of failure)
Press: ? - help, Q - select action, (/) - cycle Shift-Dir - straight line, f/p - two-headed ogre
Aim: a two-headed ogre, wielding a +0 dire flail and a +0 giant club (severely wounded)
You exhale a blast of noxious fumes.
The blast of choking fumes misses the two-headed ogre.
The two-headed ogre is engulfed in noxious fumes.
You whack the two-headed ogre!
The two-headed ogre is almost dead.
The two-headed ogre is engulfed in noxious fumes.
The two-headed ogre hits you but does no damage.
The two-headed ogre hits you with a +0 giant club!!
* * * LOW HITPOINT WARNING * * *
You completely miss the two-headed ogre.
The two-headed ogre is almost dead.
You completely miss the two-headed ogre.
The two-headed ogre is almost dead.
The two-headed ogre is engulfed in noxious fumes.
The two-headed ogre hits you with a +0 dire flail!
* * * LOW HITPOINT WARNING * * *
The two-headed ogre hits you with a +0 giant club!
You die...
Your body rises from the dead as a mindless zombie.

.# .# #####.###
##........### #
#...#.###...###### .####
......##.........##..:.#
......##.#?..........#.#
.........P.....#.......#
#...##....P.P...@## #.
##.###...P.P....O.###...
#.###...PP....$°.......
#.<.P.P.P......°..#....
####.PPP.####..°.P# ...
####(..P..# #..○..## ..
#.........+ #..○...# .
#.###.....####..[.P.##
#.# #..PPPP...P.P....#


You could see a two-headed ogre.

Vanquished Creatures
  A two-headed ogre (D:8)
  A komodo dragon (D:9)
  An unseen horror (D:5)
  A hornet (D:8)
  A troll (D:5)
  Prince Ribbit (D:5)
  A yak (D:9)
  A steam dragon (D:9)
  An acid dragon (D:5)
  2 orc warriors
  A hornet zombie (D:5)
  2 black bears
  2 centaurs
  4 ogres
  Blork the orc (D:4)
  A kobold brigand (D:7)
  A wyvern zombie (D:7)
  A gnoll sergeant (D:6)
  3 scorpions
  7 wights
  4 howler monkeys
  2 bullfrog zombies (D:5)
  3 orc priests
  A centaur zombie (D:8)
  A gnoll shaman (D:5)
  2 hounds
  2 jellies
  2 bullfrog skeletons (D:6)
  A centaur skeleton (D:5)
  3 iguanas
  6 orc wizards
  A hound skeleton (D:4)
  A hound zombie (D:5)
  2 howler monkey skeletons
  5 adders
  5 gnolls
  2 shadow imps
  An ufetubus (D:5)
  2 worms
  2 dart slugs
  37 orcs
  5 ball pythons
  6 endoplasms
  2 giant cockroaches
  7 goblins
  6 hobgoblins
  6 kobolds
  2 quokkas (D:3)
  6 bats
  6 frilled lizards
  An orc zombie (D:8)
  8 rats
174 creatures vanquished.

Vanquished Creatures (collateral kills)
  Maurice (D:8)
  A necrophage (D:8)
  An orc priest (D:8)
3 creatures vanquished.

Vanquished Creatures (others)
  2 scorpion zombies (D:9)
  7 fungi (D:9)
  9 plants (D:9)
18 creatures vanquished.

Grand Total: 195 creatures vanquished

Notes
Turn   | Place    | Note
-------+----------+-------------------------------------------
     0 | D:1      | siradein the Draconian Fighter began the quest for the Orb.
     0 | D:1      | Reached XP level 1. HP: 19/19 MP: 1/1
   186 | D:1      | Reached XP level 2. HP: 22/26 MP: 2/2
  1112 | D:1      | Found a faded altar of an unknown god.
  1237 | D:2      | Reached XP level 3. HP: 27/33 MP: 3/3
  1398 | D:2      | Found a sacrificial altar of Ru.
  2169 | D:3      | Reached XP level 4. HP: 40/40 MP: 4/4
  2245 | D:3      | Noticed an ogre
  2268 | D:3      | Killed an ogre
  2269 | D:3      | Reached XP level 5. HP: 47/47 MP: 5/5
  3134 | D:4      | Noticed an ogre
  3162 | D:4      | Killed an ogre
  3163 | D:4      | Reached XP level 6. HP: 35/53 MP: 6/6
  3534 | D:4      | Noticed Blork the orc
  3539 | D:4      | Killed Blork the orc
  3540 | D:4      | Reached skill level 5 in Fighting
  4068 | D:5      | Entered Level 5 of the Dungeon
  4083 | D:5      | Your scales start taking on a lurid green colour.
  4083 | D:5      | Reached XP level 7. HP: 56/61 MP: 7/7
  4083 | D:5      | Gained mutation: Your system is resistant to poisons.
                  | (rPois) [Green Draconian growth]
  4125 | D:5      | Killed an unseen horror
  4126 | D:5      | Reached skill level 5 in Shields
  4854 | D:5      | Noticed a troll
  4908 | D:5      | Reached skill level 5 in Dodging
  4908 | D:5      | Reached XP level 8. HP: 70/70 MP: 8/8
  4940 | D:5      | Killed a troll
  4941 | D:5      | Reached skill level 5 in Maces & Flails
  5011 | D:5      | Noticed Prince Ribbit
  5015 | D:5      | Killed Prince Ribbit
  5480 | D:6      | Reached XP level 9. HP: 73/79 MP: 9/9
  5635 | D:6      | Found a staircase to the Ecumenical Temple.
  5643 | Temple   | Entered the Ecumenical Temple
  5816 | Temple   | Became a worshipper of Yredelemnul the Dark
  6062 | D:6      | Reached skill level 1 in Invocations
  6768 | D:7      | Reached * piety under Yredelemnul
  6879 | D:7      | Found a bloodstained altar of Trog.
  7472 | D:8      | Found Ydilarch's Distillery.
  7480 | D:8      | Bought a potion of mutation for 96 gold pieces
  7480 | D:8      | Bought a potion of heal wounds for 60 gold pieces
  7554 | D:8      | Identified the +4 hand axe of the Pyrrhic Victory {freeze,
                  | Int+3}
  7785 | D:8      | Noticed Maurice
  7794 | D:8      | Killed Maurice
  7887 | D:8      | Noticed a two-headed ogre
  7898 | D:8      | Killed a two-headed ogre
  7899 | D:8      | Reached XP level 10. HP: 60/90 MP: 12/12
  8338 | D:8      | Reached ** piety under Yredelemnul
  8781 | D:9      | Noticed a two-headed ogre
  8811 | D:9      | Mangled by a two-headed ogre

Illustrated notes

Levels and vault maps discovered:
D:1:      lemuel_arrival_behind_the_door_small, layout_basic,
          dreamdust_ecumenical_altar_hidden_monk_grotto, minmay_vboxes
D:2:      layout_basic, basic_altar
D:3:      layout_loops_cross
D:4:      layout_gridville, uniq_blork_the_orc
D:5:      layout_loops_ring, minmay_manual_moon, uniq_prince_ribbit1
D:6:      layout_rooms, temple_doors_e
D:7:      layout_basic, lemuel_doored_altar
D:8:      layout_basic, serial_glass, glass_columns_b, glass_columns_b,
          nicolae_stop_n_shop_1, uniq_maurice
D:9:      layout_loops_ring, grunt_lair_entry_orc_guard_hut, uniq_gastronok,
          uniq_joseph
Temple:   mainiacjoe_temple_starburst

Skill      XL: |  1  2  3  4  5  6  7  8  9 10 |
---------------+-------------------------------+-----
Dodging        | 3 4 5 6 7 |  7.3
Fighting       | 4 5 6 7 8 |  8.8
Maces & Flails | 3 4 6 7 |  7.7
Shields        | 4 5 6 7 8 |  8.0
Invocations    | 3 4 |  4.6

Action                   |  1- 3 |  4- 6 |  7- 9 | 10-12 || total
-------------------------+-------+-------+-------+-------++-------
Melee: Flail             |    53 |       |       |       ||    53
       Tailslap          |    11 |    15 |    50 |    12 ||    88
       Whip              |    49 |    85 |   264 |    60 ||   458
Invok: Animate Remains   |       |       |    12 |     5 ||    17
 Abil: Breathe Noxious F |       |       |    26 |     5 ||    31
  Use: Scroll            |       |     3 |     3 |     4 ||    10
 Stab: Sleeping          |     1 |     1 |     1 |       ||     3
       Confused          |       |       |    11 |     2 ||    13
Armor: Skin              |    27 |    17 |    58 |     9 ||   111
Dodge: Dodged            |    49 |    31 |   123 |    20 ||   223
Block: Buckler           |    17 |    11 |    45 |     9 ||    82

Table legend: (Time is in decaauts)
 A = Elapsed time spent in this place.
 B = Non-inter-level travel time spent in this place.
 C = Inter-level travel time spent in this place.
 D = Time resting spent in this place.
 E = Time spent auto-exploring this place.
 F = Levels seen in this place.
 G = Mean time per level.
                   A        B        C        D        E       F      G
               +--------+--------+--------+--------+--------+-----+--------+
         Total |   8759 |   8545 |    214 |    254 |   6793 |  10 |  875.9 |
       Dungeon |   8533 |   8349 |    184 |    254 |   6624 |   9 |  948.1 |
        Temple |    225 |    195 |     30 |      0 |    169 |   1 |  225.0 |
               +--------+--------+--------+--------+--------+-----+--------+

Top non-repeatable levels by time:
     D:4: 1378 daAuts
     D:1: 1251 daAuts
     D:5: 1131 daAuts
     D:8: 1115 daAuts
     D:2: 932 daAuts
     D:6: 880 daAuts
     D:7: 876 daAuts
     D:3: 768 daAuts
  Temple: 225 daAuts
     D:9: 197 daAuts
